 Dungeon Crawl Stone Soup version 0.25.0-8-gfd19cd77bd (console) character file.

Game seed: 1919091374579608653

61111 Kagalorn the Thaumaturge (level 15, -4/92 HPs)
             Began as a Tengu Ice Elementalist on June 16, 2020.
             Was a High Priest of Ashenzari.
             Slain by Donald
             ... wielding a +1 broad axe of electrocution
              (10 damage)
             ... on level 2 of the Orcish Mines.
             The game lasted 01:20:40 (25403 turns).

Kagalorn the Thaumaturge (Tengu Ice Elementalist)  Turns: 25403, Time: 01:20:41

Health: -4/92      AC: 12    Str: 11    XL:     15   Next: 1%
Magic:  21/30      EV: 23    Int: 18    God:    Ashenzari [*****.]
Gold:   2783       SH:  0    Dex: 28    Spells: 16/34 levels left

rFire    . . .     SeeInvis +   b - +2 rapier (elec)
rCold    + . .     Gourm    .   (no shield)
rNeg     . . .     Faith    .   A - +1 ring mail {rC+}
rPois    .         Spirit   .   (helmet restricted)
rElec    .         Reflect  .   k - +0 cloak
rCorr    .         Harm     .   R - +1 pair of gloves
MR       +....     Clarity  +   (boots unavailable)
Stlth    ++........             u - amulet of regeneration (curse)
HPRegen  0.65/turn              e - +6 ring of dexterity
MPRegen  0.22/turn              o - +6 ring of dexterity

@: frozen ramparts, flying quickly and evasively, quick
A: beak, talons 3, able to fly
a: Stop Flying, Curse Item, Scrying, Transfer Knowledge, Renounce Religion


You were on level 2 of the Orcish Mines.
You worshipped Ashenzari.
Ashenzari was extremely pleased with you.
You were not hungry.

You visited 4 branches of the dungeon, and saw 22 of its levels.

You collected 2783 gold pieces.

Inventory:

Hand Weapons
 a - a +2 dagger of venom
 b - a +2 rapier of electrocution (weapon)
 w - a +0 broad axe
 G - a +0 hand crossbow
 P - a +4 antimagic broad axe
Missiles
 g - 73 poisoned darts (quivered)
 h - 5 silver javelins
 n - 164 bolts
 D - 16 boomerangs of dispersal
 K - 6 javelins
 X - 9 curare-tipped darts
Armour
 k - a +0 cloak (worn)
 A - a +1 ring mail of cold resistance (worn)
 R - a +1 pair of gloves (worn)
 S - a +0 kite shield
Magical Staves
 E - an uncursed staff of air
Jewellery
 e - a +6 ring of dexterity (left hand)
 o - a +6 ring of dexterity (right hand)
 u - a cursed amulet of regeneration (around neck)
 v - an uncursed ring of ice
 Z - an uncursed ring of protection from cold
Wands
 y - a wand of iceblast (7)
 z - a wand of acid (6)
 J - a wand of random effects (20)
 L - a wand of polymorph (16)
 M - a wand of enslavement (12)
 N - a wand of paralysis (3)
 V - a wand of flame (25)
Scrolls
 d - a scroll of enchant weapon
 i - a scroll of fear
 p - 9 scrolls of teleportation
 q - 3 scrolls of magic mapping
 r - 4 scrolls of fog
 x - 2 scrolls of remove curse
 B - 5 scrolls of enchant armour
 F - 3 scrolls of amnesia
 I - a scroll of holy word
 Q - a scroll of blinking
 Y - 3 scrolls of identify
Potions
 f - a potion of cancellation
 j - 3 potions of lignification
 l - 2 potions of haste
 m - 5 potions of brilliance
 s - 2 potions of magic
 t - 5 potions of curing
 C - 2 potions of might
 H - 2 potions of ambrosia
 O - a potion of heal wounds
 U - 3 potions of invisibility
Miscellaneous
 T - a phial of floods
Comestibles
 c - 38 rations
 W - 9 chunks of flesh


   Skills:
 - Level 10.0 Fighting
 + Level 3.2 Axes
 - Level 10.0 Armour
 - Level 10.0 Dodging
 - Level 2.0 Stealth
 - Level 10.0 Spellcasting
 - Level 8.0 Summonings
 - Level 8.0 Transmutations
 - Level 8.0 Ice Magic
 - Level 8.0 Air Magic
 - Level 6.0 Earth Magic
 - Level 5.0 Evocations


You had 16 spell levels left.
You knew the following spells:

 Your Spells              Type           Power        Failure   Level  Hunger
a - Freeze                Ice            ####         1%          1    None
b - Frozen Ramparts       Ice            #####.       1%          3    None
c - Summon Ice Beast      Ice/Summ       #####...     6%          4    ###....
d - Summon Lightning Spi  Summ/Air       #####...     6%          4    ###....
e - Statue Form           Tmut/Erth      ####.....    80%         6    ######.

Your spell library contained the following spells:

 Spells                   Type           Power        Failure   Level  Hunger
 Summon Small Mammal      Summ           ####         1%          1    None
 Call Imp                 Summ           #####...     1%          2    None
 Call Canine Familiar     Summ           #####...     1%          3    None
 Ozocubu's Armour         Chrm/Ice       ###.....     9%          3    None
 Summon Guardian Golem    Hex/Summ       ###.....     9%          3    None
 Hailstorm                Conj/Ice       ###.....     30%         4    ###....
 Leda's Liquefaction      Hex/Erth       ###.......   41%         4    ###....
 Irradiate                Conj/Tmut      ###.......   63%         5    #####..
 Hydra Form               Tmut           #####.....   65%         6    ######.
 Bolt of Magma            Conj/Fire/Erth ###.......   88%         5    #####..
 Dragon Form              Tmut           #####.....   99%         7    #######
 Iron Shot                Conj/Erth      ###.......   100%        6    ######.
 Shatter                  Erth           ####......   100%        9    #######


Dungeon Overview and Level Annotations

Branches:
Dungeon (13/15)            Temple (1/1) D:4            Lair (6/6) D:8
 Shoals (0/4) Lair:3       Spider (0/4) Lair:2        Slime (0/5) Lair:6
    Orc (2/2) D:10            Elf (0/3) Orc:2
 Vaults: D:13-14

Altars:
Ashenzari
Cheibriados
Dithmenos
Elyvilon
Fedhas
Gozag
Hepliaklqana
Kikubaaqudgha
Makhleb
Nemelex Xobeh
Okawaru
Qazlal
Ru
Sif Muna
Trog
Uskayaw
Vehumet
Wu Jian
Xom
Yredelemnul
Zin
The Shining One
Beogh

Annotations:
D:4 3 runed translucent doors, Anaz's ghost, amateur DgAE; Froggeryz's ghost, amateur GrMo
D:5 2 transporters, Grinder; releu's ghost, novice TrWr
Lair:5 3 runed translucent doors, Curus's ghost, journeyman MiMo
Lair:6 exclusion: 2 oklob plants
Orc:2 Donald


Innate Abilities, Weirdness & Mutations

You have a beak for a mouth.
You have claws for feet.
You can fly continuously.


Message History

Press: ? - help, v - describe, . - travel
Here: Donald, wielding a +1 broad axe of electrocution, wearing a +4 chain mail of poison resistance and wearing a +0 kite shield of reflection (heavily wounded, fast, strong)
The floor.
Press: ? - help, v - describe, . - travel
Here: Donald, wielding a +1 broad axe of electrocution, wearing a +4 chain mail of poison resistance and wearing a +0 kite shield of reflection (heavily wounded, fast, strong)
The floor.
Okay, then.
Press: ? - help, v - describe, . - travel
Here: Donald, wielding a +1 broad axe of electrocution, wearing a +4 chain mail of poison resistance and wearing a +0 kite shield of reflection (heavily wounded, fast, strong)
The floor.
The wall freezes Donald.
The wall freezes Donald.
The wall freezes Donald.
A bolt of electricity appears from out of your range of vision.
The bolt of electricity hits Donald!
The wall freezes Donald.
Donald says, "What's the point of being all-knowing if you can't do anything?"
Donald hits you with a +1 broad axe of electrocution!!!
* * * LOW HITPOINT WARNING * * *
You are electrocuted!
You die...

......#................#.........
.....................###.........
....^..#.............####........
..........)......##...# #........
.....#...............## .........
.....#...............##*......#..
......................#,......###
......................##....<.# ,
..<............@@..............,*
.............<#...............#*
...........#8##.#............##
...........#####.........#...#
.#.#......### #..........# ..#
###.......#.####..#......# ,..#
#..........# ####....... ∆ ##
##.....##.## ###....#. *
##...##### *...#####


You could see Donald (fast, strong).

Vanquished Creatures
  Kirke (Lair:4)
  5 dire elephants (Lair:6)
  4 hydras
  2 catoblepae
  2 two-headed ogres (D:8)
  An anaconda (Lair:6)
  An orc high priest (Orc:1)
  An unseen horror (D:11)
  A skeletal warrior (D:11)
  A lindwurm (Lair:6)
  3 orc knights
  2 ugly things (D:12)
  An orc sorcerer (Orc:2)
  Maurice (D:8)
  13 elephants (Lair:6)
  Joseph (Lair:1)
  3 black mambas
  A centaur zombie (D:13)
  A gargoyle (D:13)
  11 spiny frogs
  Psyche (D:8)
  7 komodo dragons
  A kobold demonologist (D:12)
  3 rime drakes
  3 trolls
  2 polar bears (Lair:6)
  6 blink frogs
  7 dream sheep
  6 hippogriffs
  A wyvern (D:10)
  3 hogs
  51 yaks
  Eustachio (D:6)
  2 basilisks
  A human (D:10)
  A hungry ghost (D:9)
  2 soldier ants
  2 wargs
  An acid dragon (D:12)
  9 porcupines
  13 water moccasins
  A nameless horror (D:9)
  2 ice beasts
  A black bear (D:8)
  11 orc warriors
  2 phantoms
  3 sky beasts
  5 ogres
  32 wolves
  8 centaurs
  16 crocodiles
  7 big kobolds
  17 bullfrogs
  A wyvern skeleton (D:12)
  A scorpion (D:11)
  6 wights
  3 howler monkeys (D:10)
  2 electric eels
  3 hounds
  A jelly (D:5)
  2 quasits (D:9)
  3 bullfrog skeletons
  2 bullfrog zombies
  7 orc priests
  9 orc wizards
  A gnoll shaman (D:7)
  2 centaur skeletons
  Ijyb (D:5)
  3 hell rats (Lair:5)
  5 worker ants
  A hound zombie (D:7)
  A hound skeleton (D:5)
  2 worker ant zombies
  10 gnolls
  10 adders
  4 shadow imps
  An ooze (D:6)
  An adder skeleton (D:4)
  3 worms
  5 dart slugs
  4 leopard geckos
  70 orcs
  7 giant cockroaches
  12 goblins
  6 hobgoblins
  36 kobolds
  2 quokkas
  A ball python (D:2)
  14 bats
  10 frilled lizards
  2 quokka skeletons
  3 rats (D:2)
  A butterfly (Lair:3)
  4 plants
546 creatures vanquished.

Vanquished Creatures (collateral kills)
  A dire elephant (Lair:6)
  Snorg (Lair:6)
  2 hydras
  A two-headed ogre (D:9)
  3 skeletal warriors (D:12)
  A phantasmal warrior (D:12)
  2 oklob plants (Lair:4)
  A manticore (Lair:2)
  A black mamba (Lair:1)
  A centaur zombie (D:11)
  Maggie (Lair:1)
  A komodo dragon (Lair:1)
  5 blink frogs
  2 hippogriffs
  2 yaks (Lair:1)
  A basilisk (Lair:5)
  3 hogs
  Grum (D:8)
  An acid dragon (D:11)
  2 wolves
  2 crocodiles (D:8)
  A wyvern skeleton (D:8)
  2 wights (D:12)
  An electric eel (Lair:1)
  An orc wizard (Orc:1)
  A hell rat (Lair:5)
  A leopard gecko (D:8)
  An orc (D:8)
  A kobold (D:9)
44 creatures vanquished.

Vanquished Creatures (others)
  An orc (D:3)
  A quokka (D:3)
  34 fungi
  20 plants
  A withered plant (D:4)
57 creatures vanquished.

Grand Total: 647 creatures vanquished

Notes
Turn   | Place    | Note
-------+----------+-------------------------------------------
     0 | D:1      | Kagalorn the Tengu Ice Elementalist began the quest for the
                  | Orb.
     0 | D:1      | Reached XP level 1. HP: 10/10 MP: 4/4
   204 | D:1      | Reached XP level 2. HP: 3/15 MP: 1/6
   829 | D:1      | Reached XP level 3. HP: 19/19 MP: 7/7
  1294 | D:2      | Learned a level 3 spell: Frozen Ramparts
  1456 | D:2      | Reached XP level 4. HP: 24/24 MP: 3/9
  1545 | D:2      | Found a stormy altar of Qazlal.
  2332 | D:3      | Reached skill level 5 in Ice Magic
  2332 | D:3      | Gained mutation: You can fly continuously. [Tengu growth]
  2332 | D:3      | Reached XP level 5. HP: 22/28 MP: 7/10
  2465 | D:3      | Found a white marble altar of Elyvilon.
  3069 | D:3      | Found an opulent altar of Gozag.
  3069 | D:3      | Found a basalt altar of Yredelemnul.
  3330 | D:4      | Found a shimmering altar of Xom.
  3331 | D:4      | Found a hazy altar of Hepliaklqana.
  3332 | D:4      | Noticed a spectral ugly thing
  3369 | D:4      | Found a staircase to the Ecumenical Temple.
  3379 | Temple   | Entered the Ecumenical Temple
  3442 | Temple   | Became a worshipper of Ashenzari the Shackled
  3649 | D:4      | Reached XP level 6. HP: 32/32 MP: 12/12
  3744 | D:4      | Noticed a phantom
  3818 | D:4      | Found a runed translucent gate.
  3819 | D:4      | Found a runed translucent gate.
  3820 | D:4      | Found a runed translucent gate.
  3821 | D:4      | Noticed Froggeryz's ghost (amateur GrMo)
  3822 | D:4      | Noticed Anaz's ghost (amateur DgAE)
  3968 | D:4      | Found a snail-covered altar of Cheibriados.
  3979 | D:4      | Noticed a sky beast
  3982 | D:4      | Killed a sky beast
  4012 | D:4      | Learned a level 4 spell: Summon Ice Beast
  4134 | D:5      | Entered Level 5 of the Dungeon
  4145 | D:5      | Found a stormy altar of Qazlal.
  4226 | D:5      | Reached skill level 1 in Summonings
  4447 | D:5      | Noticed Ijyb
  4455 | D:5      | Killed Ijyb
  4455 | D:5      | Reached XP level 7. HP: 34/36 MP: 9/14
  4788 | D:5      | Found a transporter.
  4788 | D:5      | Noticed releu's ghost (novice TrWr)
  4788 | D:5      | Identified the cursed +2 dire flail of Gaykeaj {protect,
                  | +Fly rElec rC+ rN+}
  4789 | D:5      | Found a transporter.
  4876 | D:5      | Reached * piety under Ashenzari
  5106 | D:5      | Noticed Grinder
  5601 | D:6      | Reached XP level 8. HP: 29/41 MP: 10/15
  5767 | D:6      | Noticed Eustachio
  5835 | D:6      | Killed Eustachio
  5835 | D:6      | Reached skill level 5 in Spellcasting
  5835 | D:6      | Reached skill level 5 in Summonings
  6212 | D:7      | Reached skill level 1 in Fighting
  6588 | D:6      | Reached XP level 9. HP: 27/48 MP: 18/18
  6891 | D:7      | Found a shadowy altar of Dithmenos.
  7280 | D:8      | Noticed a two-headed ogre
  7351 | D:8      | Noticed Grum
  7524 | D:8      | Killed Grum
  7560 | D:8      | Noticed Maurice
  7659 | D:8      | Found a staircase to the Lair.
  7696 | D:8      | Reached skill level 5 in Fighting
  7896 | D:8      | Killed a two-headed ogre
  7896 | D:8      | Reached XP level 10. HP: 8/59 MP: 15/23
  8048 | D:8      | Noticed a two-headed ogre
  8060 | D:8      | Killed a two-headed ogre
  8060 | D:8      | Reached skill level 5 in Dodging
  8060 | D:8      | Reached skill level 1 in Evocations
  8127 | D:8      | Reached ** piety under Ashenzari
  8194 | D:8      | Noticed Psyche
  8328 | D:8      | Killed Maurice
  8443 | D:8      | Killed Psyche
  9017 | D:9      | Noticed a two-headed ogre
  9038 | D:9      | Killed a two-headed ogre
  9284 | D:9      | Learned a level 4 spell: Summon Lightning Spire
  9677 | D:9      | Reached skill level 1 in Air Magic
  9855 | D:10     | Entered Level 10 of the Dungeon
  9881 | D:10     | Found a shattered altar of Ashenzari.
 10002 | D:10     | Reached XP level 11. HP: 55/66 MP: 18/24
 10312 | D:10     | Noticed an orc knight
 10500 | D:10     | Found a roughly hewn altar of Beogh.
 10501 | D:10     | Found a staircase to the Orcish Mines.
 10584 | D:10     | Killed an orc knight
 11008 | D:11     | Found a snail-covered altar of Cheibriados.
 11108 | D:11     | Killed an unseen horror
 11108 | D:11     | Reached skill level 5 in Armour
 11108 | D:11     | Reached skill level 5 in Air Magic
 11190 | D:10     | Noticed an orc knight
 11246 | D:10     | Killed an orc knight
 11832 | D:11     | Identified a scroll of acquirement
 12030 | D:11     | Reached skill level 5 in Evocations
 12240 | Lair:1   | Entered Level 1 of the Lair of Beasts
 12319 | Lair:1   | Noticed a five-headed hydra
 12336 | Lair:1   | Killed a five-headed hydra
 12440 | Lair:1   | Reached XP level 12. HP: 67/72 MP: 19/26
 12675 | Lair:1   | Reached skill level 10 in Spellcasting
 12824 | Lair:1   | Noticed Maggie
 12833 | Lair:1   | Killed Maggie
 13131 | Lair:1   | Noticed an eight-headed hydra
 13154 | Lair:1   | Killed an eight-headed hydra
 13353 | Lair:1   | Noticed Joseph
 13362 | Lair:1   | Killed Joseph
 13658 | Lair:1   | Reached *** piety under Ashenzari
 14156 | Lair:2   | Noticed a seven-headed hydra
 14183 | Lair:2   | Killed a seven-headed hydra
 14258 | Lair:2   | Found a hole to the Spider Nest.
 14637 | Lair:3   | Found a staircase to the Shoals.
 14822 | Lair:3   | Reached XP level 13. HP: 76/80 MP: 23/28
 15380 | Lair:3   | Reached **** piety under Ashenzari
 15465 | Lair:3   | Reached skill level 10 in Fighting
 16087 | Lair:4   | Learned a level 6 spell: Statue Form
 16379 | Lair:4   | Noticed Kirke
 16855 | Lair:4   | Killed Kirke
 16855 | Lair:4   | Reached skill level 1 in Transmutations
 16855 | Lair:4   | Reached skill level 1 in Earth Magic
 17785 | Lair:5   | Noticed Sonja
 17786 | Lair:5   | Noticed Sonja
 17786 | Lair:5   | Sonja changed into Sonja the soldier ant
 17796 | Lair:5   | Killed Sonja the soldier ant
 18347 | Lair:5   | Found a runed translucent gate.
 18347 | Lair:5   | Found a runed translucent gate.
 18347 | Lair:5   | Found a runed translucent gate.
 18347 | Lair:5   | Noticed Curus's ghost (journeyman MiMo)
 18552 | Lair:5   | Reached XP level 14. HP: 87/88 MP: 21/29
 18873 | Lair:6   | Entered Level 6 of the Lair of Beasts
 18906 | Lair:6   | Reached skill level 10 in Armour
 18921 | Lair:6   | Reached skill level 10 in Dodging
 19101 | Lair:6   | Found a staircase to the Slime Pits.
 19639 | Lair:6   | Reached skill level 5 in Transmutations
 19650 | Lair:6   | Noticed Snorg
 19660 | Lair:6   | Killed Snorg
 20012 | Lair:6   | Found a shimmering altar of Xom.
 20180 | Lair:6   | Got the uncursed chain mail of Fashionability {MR+ Str+5
                  | Dex-4}
 20191 | Lair:6   | Identified the +2 chain mail of Fashionability {MR+ Str+5
                  | Dex-4} (You found it on level 6 of the Lair of Beasts)
 20301 | Lair:6   | Reached skill level 5 in Earth Magic
 20873 | Lair:6   | Noticed a dire elephant
 20903 | Lair:6   | Killed a dire elephant
 21048 | Lair:6   | Noticed a dire elephant
 21069 | Lair:6   | Killed a dire elephant
 21081 | Lair:6   | Noticed a dire elephant
 21108 | Lair:6   | Noticed a dire elephant
 21127 | Lair:6   | Killed a dire elephant
 21178 | Lair:6   | Killed a dire elephant
 21347 | Lair:6   | Noticed a dire elephant
 21347 | Lair:6   | Noticed a dire elephant
 21390 | Lair:6   | Killed a dire elephant
 21407 | Lair:6   | Killed a dire elephant
 24441 | Orc:1    | Entered Level 1 of the Orcish Mines
 24676 | D:10     | Reached skill level 1 in Axes
 25090 | Orc:2    | Entered Level 2 of the Orcish Mines
 25193 | Orc:2    | Reached ***** piety under Ashenzari
 25223 | Orc:2    | Reached XP level 15. HP: 92/92 MP: 24/30
 25380 | Orc:2    | Noticed Donald
 25403 | Orc:2    | Slain by Donald

Illustrated notes

Levels and vault maps discovered:
D:1:      psy_arrival_fountain, layout_loops_ring, minmay_hexomino_f4
D:2:      layout_basic, minmay_fountain_box, nicolae_qazlal_general_emergency
D:3:      layout_loops_ring, elyvilon_altar_4, gammafunk_temple_overflow_wave
D:4:      layout_loops_ring, regret_index_temple_of_mockery,
          lemuel_doored_altar, minmay_temple_entry_purple_smoke,
          gammafunk_ghost_cemetery, first_ration
D:5:      layout_layer_cave, old_standard_altar, gammafunk_ghost_smash,
          uniq_ijyb, uniq_grinder
D:6:      layout_rooms, minmay_unpleasant_kobolds, uniq_eustachio
D:7:      layout_loops_corners, lemuel_crystal_altar
D:8:      layout_loops_ring, due_lair_maze_entry_diamond, uniq_maurice,
          uniq_grum, uniq_psyche
D:9:      layout_small_grid
D:10:     layout_irregular_city, david_orc_5, basic_altar, grunt_livestock,
          minmay_holes
D:11:     layout_basic, cheibriados_altar_1
D:12:     layout_basic, corexii_leaking_fountain
D:13:     layout_roguey, uniq_nessos
Temple:   eino_temple_lava
Lair:1:   layout_loops_ring, chequers_serial_rivers_marsh, beast_lair_carwin_6,
          serial_bayou_shore_a, uniq_maggie, uniq_joseph
Lair:2:   layout_chaotic_city, dummy_spider_entry
Lair:3:   layout_loops_ring, minmay_shoals_entry_beasts, serial_bayou_shore_b,
          lemuel_fruit_tree, lemuel_fruit_fields, infiniplex_staircase_pool
Lair:4:   layout_gridlike, minmay_lair_oklob_chamber, uniq_kirke
Lair:5:   layout_roguey, gammafunk_ghost_necromancy,
          nicolae_quartered_pool_medium, grunt_forest_large_clearings,
          uniq_sonja
Lair:6:   due_jungle_book, layout_regular_city, minmay_slime_entry_oklob_open,
          basic_altar, uniq_snorg
Orc:1:    minmay_goldmine, layout_caves, uniq_fannar
Orc:2:    grunt_orc_tribal_feast, layout_diamond_mine, uniq_donald,
          uniq_saint_roka

Skill      XL: |  1  2  3  4  5  6  7  8  9 10 11 12 13 14 15 |
---------------+----------------------------------------------+-----
Ice Magic      | 4 5 6 8 |  8.0
Spellcasting   | 3 4 5 8 9 10 | 10.0
Summonings     | 1 4 6 8 |  8.0
Fighting       | 1 5 6 7 9 10 | 10.0
Dodging        | 4 5 7 9 10 | 10.0
Armour         | 4 5 7 9 10 | 10.0
Evocations     | 3 5 |  5.0
Air Magic      | 2 7 8 |  8.0
Transmutations | 3 8 |  8.0
Earth Magic    | 3 6 |  6.0
Axes           | 2 3 |  3.2
Stealth        | |  2.0

Action                   |  1- 3 |  4- 6 |  7- 9 | 10-12 | 13-15 || total
-------------------------+-------+-------+-------+-------+-------++-------
Melee: Dagger            |    61 |    93 |   138 |    53 |       ||   345
       Kick              |    14 |    29 |    69 |   115 |   198 ||   425
       Peck              |     7 |    17 |    32 |    78 |   127 ||   261
       Rapier            |       |       |    14 |   192 |   382 ||   588
       Broad axe         |       |       |       |    30 |    23 ||    53
       Unarmed           |       |       |       |       |     7 ||     7
Throw: Stone             |       |       |       |     1 |       ||     1
 Cast: Freeze            |    15 |    23 |    21 |    59 |   205 ||   323
       Frozen Ramparts   |     1 |     3 |    34 |    69 |   125 ||   232
       Summon Ice Beast  |       |       |     6 |    31 |    18 ||    55
       Summon Lightning  |       |       |       |     9 |    37 ||    46
Invok: Curse Item        |       |     1 |       |       |       ||     1
 Abil: Fly               |       |     1 |       |       |       ||     1
Evoke: Wand              |       |       |       |       |     3 ||     3
  Use: Scroll            |       |     6 |     3 |    16 |     4 ||    29
 Stab: Sleeping          |     8 |    10 |     2 |     9 |     2 ||    31
       Distracted        |       |       |       |     3 |     2 ||     5
  Eat: Chunk             |     2 |     9 |     9 |    21 |    19 ||    60
       Ration            |       |       |     1 |     2 |     5 ||     8
Armor: Robe              |    16 |    10 |    12 |       |       ||    38
       Ring mail         |       |       |       |    84 |   123 ||   207
Dodge: Dodged            |    47 |    54 |   125 |   355 |   748 ||  1329
